 Dungeon Crawl Stone Soup version 0.27-a0-1202-ge72e49191c (webtiles) character file.

Game seed: 14270850881962266737

23 polve the Skirmisher (level 2, -3/24 HPs)
             Began as a Demonspawn Abyssal Knight on June 4, 2021.
             Was an Initiate of Lugonu.
             Slain by a worm (8 damage)
             ... on level 2 of the Dungeon.
             The game lasted 00:01:00 (1574 turns).

polve the Skirmisher (Demonspawn Abyssal Knight)    Turns: 1574, Time: 00:01:01

Health: -3/24      AC:  8    Str: 12    XL:     2   Next: 72%
Magic:  3/3        EV:  5    Int: 13    God:    Lugonu [......]
Gold:   2          SH:  0    Dex: 12    Spells: 1/1 levels left

rFire    . . .     SeeInvis .   a - +1 short sword
rCold    . . .     Faith    .   (no shield)
rNeg     . . .     Spirit   .   h - +0 chain mail
rPois    .         Reflect  .   (no helmet)
rElec    .         Harm     .   (no cloak)
rCorr    .         Rampage  .   (no gloves)
Will     .....                  (no boots)
Stlth    ..........             (no amulet)
HPRegen  0.08/turn              (no ring)
MPRegen  0.08/turn              (no ring)

@: no status effects
A: powered by pain 1
a: Renounce Religion


You were on level 2 of the Dungeon.
You worshipped Lugonu.
Lugonu was noncommittal.
You visited 1 branch of the dungeon, and saw 2 of its levels.
You visited the Abyss 1 time.

You collected 2 gold pieces.

Inventory:

Hand Weapons
 a - a +1 short sword (weapon)
Armour
 b - a +0 leather armour
 d - a +2 hat
 h - a +0 chain mail (worn)
 i - a +0 cloak
Scrolls
 c - a scroll of teleportation {unknown}
 e - a scroll of torment {unknown}
 f - a scroll of identify {unknown}
 g - a scroll of brand weapon {unknown}
 j - a scroll of magic mapping {unknown}


   Skills:
 - Level 3.0 Fighting
 + Level 3.0 Short Blades
 - Level 1.7 Armour
 - Level 0.8 Dodging
 - Level 2.4 Invocations


You had one spell level left.
You didn't know any spells.
Your spell library was empty.

Dungeon Overview and Level Annotations

Branches:
Dungeon (2/15)

Altars:


Innate Abilities, Weirdness & Mutations

You sometimes gain a little power by taking damage.


Message History

The hobgoblin is heavily wounded.
The hobgoblin completely misses you.
You hit the hobgoblin.
The hobgoblin is severely wounded.
The hobgoblin hits you but does no damage.
You hit the hobgoblin but do no damage.
The hobgoblin is severely wounded.
The hobgoblin hits you but does no damage.
You hit the hobgoblin.
You kill the hobgoblin!
Lugonu accepts your kill.
You swing at nothing.
You hit the worm but do no damage. The worm bites you but does no damage.
You hit the worm.
The worm is lightly wounded.
You hit the worm.
The worm is heavily wounded.
The worm bites you!
You hit the worm but do no damage.
The worm is moderately wounded.
An endoplasm comes into view.
The endoplasm quivers.
You hit the worm.
The worm is severely wounded.
The worm bites you but does no damage.
You barely miss the worm.
The worm is severely wounded.
You completely miss the worm.
The worm is severely wounded.
The worm bites you.
You hit the worm.
The worm is severely wounded.
You hit the worm.
The worm is almost dead.
The worm bites you.
* * * LOW HITPOINT WARNING * * *
Your chain mail prevents you from hitting the worm.
The worm is severely wounded.
The worm bites you!
You die...

###### #######....#
#.....<....# #.#####....#
##########.#####....######
....................'.....
##########.#####....######
#########.#####....######
.(....Jw@................
######.##.########.......
... ..# #....... #... ###
#....... #..! #.......
#... #....... ...#
#....... ###. #.......
#.(.....


You could see a worm and an endoplasm.

Vanquished Creatures
  A dart slug (D:1)
  3 goblins (D:1)
  4 hobgoblins
  2 kobolds (D:1)
  3 quokkas (D:1)
  3 bats
  2 rats (D:1)
18 creatures vanquished.

Notes
Turn   | Place    | Note
-------+----------+-------------------------------------------
     0 | Abyss:1  | polve the Demonspawn Abyssal Knight began the quest for the
                  | Orb.
     0 | Abyss:1  | Reached XP level 1. HP: 18/18 MP: 2/2
    98 | Abyss:1  | Noticed a worldbinder
   100 | Abyss:1  | Noticed a wraith
   100 | Abyss:1  | Noticed a wraith
   102 | Abyss:1  | Noticed a blizzard demon
   106 | Abyss:2  | Found a corrupted altar of Lugonu.
   205 | Abyss:2  | Noticed a raiju
   211 | D:1      | Escaped the Abyss
   536 | D:1      | Found a faded altar of an unknown god.
   621 | D:1      | Gained mutation: You sometimes gain a little power by
                  | taking damage. [demonic ancestry]
   621 | D:1      | Reached XP level 2. HP: 24/24 MP: 3/3
  1574 | D:2      | Slain by a worm

Illustrated notes

Levels and vault maps discovered:
D:1:      amcnicky_arrival_wind_blow, layout_basic,
          shapermc_ecumenical_altar_flowoftime
D:2:      layout_basic

Skill      XL: |  1  2 |
---------------+-------+-----
Short Blades   | 2 3 |  3.0
Fighting       | |  3.0
Armour         | |  1.7
Dodging        | |  0.8
Invocations    | |  2.4

Action                   || total
-------------------------++-------
Melee: Short sword       ||    80
Invok: Depart the Abyss  ||     1
Armor: Leather armour    ||    23
       Chain mail        ||     8
Dodge: Dodged            ||    43

Table legend: (Time is in decaauts)
 A = Elapsed time spent in this place.
 B = Non-inter-level travel time spent in this place.
 C = Inter-level travel time spent in this place.
 D = Time resting spent in this place.
 E = Time spent auto-exploring this place.
 F = Levels seen in this place.
 G = Mean time per level.
                   A        B        C        D        E       F      G
               +--------+--------+--------+--------+--------+-----+--------+
         Total |   1570 |   1536 |     34 |      0 |   1353 |   4 |  392.5 |
       Dungeon |   1359 |   1325 |     34 |      0 |   1159 |   2 |  679.5 |
         Abyss |    210 |    210 |      0 |      0 |    194 |   2 |  105.0 |
               +--------+--------+--------+--------+--------+-----+--------+

Top non-repeatable levels by time:
     D:1: 1296 daAuts
 Abyss:1: 106 daAuts
 Abyss:2: 104 daAuts
     D:2: 63 daAuts
